 Dungeon Crawl Stone Soup version 0.27-a0-1332-g84bddb5ca7 (webtiles) character file.

Game seed: 1692915744485370147

4015 Brandom the Fighter (level 10, -5/82 HPs)
             Began as a Demonspawn Delver on June 24, 2021.
             Was an Elder of Nemelex Xobeh.
             Killed from afar by a balrug (45 damage)
             ... with a fireball
             ... summoned by the player character
             ... on level 8 of the Dungeon on June 25, 2021.
             The game lasted 00:26:56 (6876 turns).

Brandom the Fighter (Demonspawn Delver)             Turns: 6876, Time: 00:26:57

Health: -5/82      AC: 18    Str: 16    XL:     10   Next: 3%
Magic:  15/15      EV:  6    Int: 11    God:    Nemelex Xobeh [****..]
Gold:   349        SH:  0    Dex: 15    Spells: 9/9 levels left

rFire    . . .     SeeInvis .   A - +0 scimitar
rCold    . . .     Faith    .   (no shield)
rNeg     . . .     Spirit   .   y - +0 plate armour
rPois    +         Reflect  .   (no helmet)
rElec    .         Harm     .   E - +2 cloak
rCorr    .         Rampage  .   s - +0 pair of gloves
Will     .....                  (no boots)
Stlth    ..........             e - amulet of regeneration
HPRegen  1.23/turn              h - ring of poison resistance
MPRegen  0.14/turn              (no ring)

@: no status effects
A: talons 1, slimy green scales 1, demonic guardian 2
a: Renounce Religion, Draw Escape, Draw Destruction, Draw Summoning, Triple
Draw, Deal Four


You were on level 8 of the Dungeon.
You worshipped Nemelex Xobeh.
Nemelex Xobeh was greatly pleased with you.
You visited 1 branch of the dungeon, and saw 8 of its levels.
You also visited: Ossuary.

You collected 349 gold pieces.

Inventory:

Hand Weapons
 a - a +0 falchion
 n - a +0 long sword
   (You found it on level 3 of the Dungeon)
 A - a +0 scimitar (weapon)
   (You found it on level 5 of the Dungeon)
Missiles
 m - 9 curare-tipped darts (quivered) {!f}
 D - 5 atropa-tipped darts
Armour
 b - a +0 leather armour
 q - a +0 cloak
   (You found it on level 4 of the Dungeon)
 s - a +0 pair of gloves (worn)
   (You found it on level 5 of the Dungeon)
 y - a +0 plate armour (worn)
   (You took it off an orc warrior on level 5 of the Dungeon)
 E - a +2 cloak (worn)
   (You found it on level 6 of the Dungeon)
Jewellery
 e - an amulet of regeneration (around neck)
   (You found it on level 2 of the Dungeon)
 h - a ring of poison resistance (left hand)
   (You found it on level 1 of the Dungeon)
 z - a ring of see invisible
   (You took it off an orc wizard on level 6 of the Dungeon)
 G - an amulet of guardian spirit
   (You took it off an orc on level 6 of the Dungeon)
Wands
 d - a wand of iceblast (13)
   (You found it on level 6 of the Dungeon)
 t - a wand of flame (26)
   (You took it off an orc on level 3 of the Dungeon)
 u - a wand of paralysis (1)
   (You took it off an orc warrior on level 5 of the Dungeon)
 v - a wand of digging (6)
 J - a wand of polymorph (11)
   (You found it on level 7 of the Dungeon)
Scrolls
 c - a scroll of fog
 i - 5 scrolls of identify {unknown}
 j - 3 scrolls of amnesia {unknown}
 k - 2 scrolls of noise {unknown}
 l - 2 scrolls of fear
 o - 2 scrolls of enchant weapon {unknown}
 r - 3 scrolls of teleportation {unknown}
 B - 4 scrolls of magic mapping
 F - a scroll of vulnerability {unknown}
 L - a scroll of blinking {unknown}
 N - a scroll of immolation {unknown}
Potions
 f - a potion of haste {@q3}
 g - 5 potions of curing {@q1}
 p - 2 potions of degeneration {unknown}
 w - 2 potions of heal wounds {@q2}
 x - 3 potions of lignification {unknown}
 C - a potion of flight {unknown}
 H - a potion of invisibility {unknown}
 I - a potion of mutation {unknown}
 K - 3 potions of berserk rage {unknown}
 M - a potion of brilliance {unknown}
 O - a potion of resistance {unknown}


   Skills:
 * Level 8.5 Fighting
 * Level 7.3 Long Blades
 + Level 4.8 Armour
 + Level 5.2 Dodging
 - Level 4.5 Stealth
 + Level 6.7 Invocations


You had 9 spell levels left.
You didn't know any spells.
Your spell library contained the following spells:

 Spells                   Type           Power      Damage    Failure   Level
 Freeze                   Ice            0%         1d3       100%        1
 Frozen Ramparts          Ice            0%         1d2       100%        3
 Ozocubu's Armour         Ice            0%         N/A       100%        3
 Hailstorm                Conj/Ice       0%         3d3       100%        4
 Metabolic Englaciation   Hex/Ice        0%         N/A       100%        5


Dungeon Overview and Level Annotations

Branches:
Dungeon (8/15)             Temple (0/1) D:7         Ossuary (visited)
   Lair: D:8-11

Altars:
Cheibriados
Dithmenos
Kikubaaqudgha
Makhleb
Nemelex Xobeh
Qazlal
Ru
Sif Muna
Xom
Yredelemnul
The Shining One

Shops:
D:6 [

Annotations:
D:4 1 runed translucent door, spj1969's ghost, amateur MfGl


Innate Abilities, Weirdness & Mutations

You have sharp toenails.
You are partially covered in slimy green scales. (AC +2)
A demonic guardian rushes to your aid.


Message History

The hornet stings you but does no damage.
You closely miss the hornet. You claw the hornet, but do no damage.
The hornet stings you. The hornet barely misses you.
You hit the hornet but do no damage. The hornet stings you!
You suddenly lose the ability to move!
The hornet stings you.
You feel yourself slow down. The hornet stings you.
You feel yourself speed up. The hornet barely misses you.
You can move again.
You hit the hornet but do no damage. Your kick misses the hornet.
The hornet stings you!
You shrug off the repeated paralysis!
The hornet stings you.
You feel yourself slow down.
You hit the hornet but do no damage. The hornet stings you!
The hornet stings you but does no damage.
Unknown command.
Here: a hornet (lightly wounded)
The floor.
You draw a card...
You have drawn the Pentagram.
You feel yourself speed up.
The hornet stings you but does no damage.
The hornet stings you!
A demonic guardian appears!
The hornet barely misses you. The balrug gestures at you. Something smites you!
* * * LOW HITPOINT WARNING * * *
Yqa Otum hits the balrug but does no damage.
The balrug hits Yqa Otum with a +0 demon whip of freezing!
Yqa Otum is engulfed in flames.
Yqa Otum resists.
The balrug freezes Yqa Otum.
Your rust devil closely misses the hornet.
Yqa Otum hits the balrug.
Here: Yqa Otum (lightly wounded, summoned, friendly)
The floor.
Here: a balrug, wielding a +0 demon whip of freezing (lightly wounded, summoned, ally target)
The floor.
There are monsters nearby!
The floor.
You barely miss the orc. Your kick misses the orc.
The orc hits you but does no damage. The balrug gestures at you.
The fireball explodes!
The fireball engulfs Yqa Otum!
Yqa Otum resists.
The fireball engulfs you!!!
Ouch! That really hurt!
You die...
Your body glows with a rainbow of weird colours and disappears.

###.....#...#
####......#
###....#
###(.## ##..##
##..# ##.##
#..## ##@&##
#.... ##o2##
...... ##y.#
#...... #.4##
.......
##(.###.y.....
##..#...(....
#........[.o
##..........
#..........


You could see a balrug (summoned, ally target), a hornet (ally target), an orc,
the friendly Yqa Otum (summoned) and a friendly rust devil (summoned).

Vanquished Creatures
  Pikel (D:4)
  Grinder (D:6)
  A shadow (D:7)
  A wraith (D:7)
  A yak (D:7)
  A steam dragon (D:7)
  2 orc warriors
  3 sky beasts
  2 black bears (D:6)
  A necrophage (D:6)
  2 ogres
  A centaur (D:5)
  A phantom (D:7)
  2 kobold brigands
  4 bullfrogs (D:7)
  A scorpion (D:5)
  A wyvern zombie (D:6)
  5 water moccasin zombies
  4 killer bees (D:7)
  3 howler monkeys (D:6)
  A crimson imp (D:6)
  2 hounds
  A jelly (D:4)
  A gnoll shaman (D:8)
  2 iguanas (D:6)
  2 orc wizards
  3 killer bee zombies
  2 mummies (Ossuary)
  10 gnolls
  An adder (D:2)
  2 river rats (D:4)
  3 white imps
  An ufetubus (D:7)
  2 adder skeletons (D:4)
  8 adder zombies (Ossuary)
  2 worms (D:4)
  A dart slug (D:3)
  16 orcs
  4 bats
  2 endoplasms
  3 giant cockroaches
  5 gnoll zombies (Ossuary)
  6 hobgoblins
  2 jackals (D:2)
  4 quokkas
  9 ball pythons
  3 frilled lizards (D:1)
  5 goblins
  2 hobgoblin zombies (Ossuary)
  17 kobolds
  4 kobold zombies (Ossuary)
  7 orc zombies (Ossuary)
  5 rats
176 creatures vanquished.

Vanquished Creatures (collateral kills)
  An ice beast (D:7)
  A necrophage (D:6)
  An ogre (D:5)
  An orc priest (D:5)
  An iguana (D:5)
  An orc wizard (D:5)
  A quokka (D:5)
7 creatures vanquished.

Grand Total: 183 creatures vanquished

Notes
Turn   | Place    | Note
-------+----------+-------------------------------------------
     0 | D:5      | Brandom the Demonspawn Delver began the quest for the Orb.
     0 | D:5      | Reached XP level 1. HP: 18/18 MP: 1/1
    29 | D:5      | Noticed an ogre
    37 | D:5      | Noticed an ogre
    62 | D:4      | Noticed an iguana
    72 | D:4      | Found a runed translucent door.
    74 | D:4      | Noticed spj1969's ghost (amateur MfGl)
   394 | D:3      | Gained mutation: You have sharp toenails. [demonic
                  | ancestry]
   394 | D:3      | Reached XP level 2. HP: 24/24 MP: 2/2
   407 | D:3      | Found a basalt altar of Yredelemnul.
   488 | D:1      | Found a faded altar of an unknown god.
   500 | D:1      | Became a worshipper of Nemelex Xobeh the Trickster
   500 | D:1      | Reached * piety under Nemelex Xobeh
   500 | D:1      | Received a gift from Nemelex Xobeh
  1166 | D:1      | Reached XP level 3. HP: 28/29 MP: 3/3
  1914 | D:2      | Reached skill level 1 in Armour
  2284 | D:2      | Reached ** piety under Nemelex Xobeh
  2540 | D:3      | Gained mutation: A weak demonic guardian rushes to your
                  | aid. [demonic ancestry]
  2540 | D:3      | Reached XP level 4. HP: 37/37 MP: 4/4
  3046 | D:4      | Reached skill level 4 in Fighting
  3069 | D:4      | Reached skill level 1 in Invocations
  3174 | D:4      | Received a gift from Nemelex Xobeh
  3259 | D:4      | Reached XP level 5. HP: 42/42 MP: 5/5
  3283 | D:4      | Found a snail-covered altar of Cheibriados.
  3556 | D:5      | Killed an ogre
  3601 | D:5      | Noticed a lemure
  3604 | D:5      | Noticed Pikel
  3604 | D:5      | Noticed a lemure
  3605 | D:5      | Noticed a lemure
  3606 | D:5      | Noticed a lemure
  3633 | D:4      | Killed Pikel
  3634 | D:4      | Reached skill level 5 in Fighting
  3634 | D:4      | Reached XP level 6. HP: 27/51 MP: 6/8
  3634 | D:4      | Reached XP level 7. HP: 29/56 MP: 6/9
  4259 | D:5      | Paralysed by an orc warrior for 4 turns
  4263 | D:5      | Identified the +0 hand axe of Accord {flame, *Slow +Blink
                  | +Rage SInv}
  4264 | D:5      | Paralysed by an orc warrior for 5 turns
  4270 | D:5      | Paralysed by an orc warrior for 2 turns
  4369 | D:5      | Gained mutation: You are partially covered in slimy green
                  | scales. (AC +2) [demonic ancestry]
  4369 | D:5      | Reached XP level 8. HP: 64/64 MP: 10/10
  4566 | D:6      | Reached skill level 5 in Long Blades
  4571 | D:6      | Reached skill level 6 in Fighting
  4932 | D:6      | Reached skill level 5 in Invocations
  4976 | D:6      | Reached skill level 7 in Fighting
  5011 | D:6      | Reached XP level 9. HP: 72/72 MP: 12/12
  5013 | D:6      | Reached *** piety under Nemelex Xobeh
  5153 | D:6      | Found Duwuabb's Armour Emporium.
  5220 | D:6      | Found a shimmering altar of Xom.
  5220 | D:6      | Found a burning altar of Makhleb.
  5370 | D:6      | Noticed Grinder
  5380 | D:6      | Paralysed by Grinder for 5 turns
  5391 | D:6      | Paralysed by Grinder for 4 turns
  5395 | D:6      | Killed Grinder
  5553 | D:7      | Found a shadowy altar of Dithmenos.
  5572 | D:7      | Found a shimmering blue altar of Sif Muna.
  5627 | D:7      | Received a gift from Nemelex Xobeh
  5687 | D:7      | Found a stormy altar of Qazlal.
  5746 | D:7      | Found an ancient bone altar of Kikubaaqudgha.
  5746 | D:7      | Found a sacrificial altar of Ru.
  5953 | D:7      | Found a sand-covered staircase.
  5958 | Ossuary  | Entered an ossuary
  5986 | Ossuary  | Reached skill level 8 in Fighting
  6029 | Ossuary  | Reached skill level 5 in Dodging
  6207 | D:7      | Found a staircase to the Ecumenical Temple.
  6274 | D:7      | Identified the +5 halberd "Grim" {drain, rCorr Str+2}
  6368 | D:8      | Upgraded the game from 0.27-a0-1325-g58a489ad9e to
                  | 0.27-a0-1332-g84bddb5ca7
  6499 | D:8      | Gained mutation: A demonic guardian rushes to your aid.
                  | [demonic ancestry]
  6499 | D:8      | Reached XP level 10. HP: 82/82 MP: 14/14
  6676 | D:8      | Received a gift from Nemelex Xobeh
  6721 | D:8      | Reached **** piety under Nemelex Xobeh
  6868 | D:8      | Paralysed by a hornet for 3 turns
  6873 | D:8      | Noticed a balrug
  6876 | D:8      | Killed from afar by a balrug

Illustrated notes

Levels and vault maps discovered:
D:1:      shiori_arrival_elements, layout_loops_ring,
          shapermc_ecumenical_altar_mp_ritualfount
D:2:      layout_basic
D:3:      layout_loops_ring, lemuel_crystal_altar
D:4:      layout_cave_pools, slow_altar_1, gammafunk_ghost_grave
D:5:      layout_cave_pools, bh_walls_and_bars, uniq_pikel
D:6:      layout_basic, grunt_temple_overflow_champion_of_chaos, serial_shops,
          shop, minmay_fractal_squares_gapless_5, uniq_grinder
D:7:      layout_rooms, grunt_dithmenos_smoke, grunt_temple_overflow_open,
          lemuel_round_altar, lemuel_coloured_pillars_altar,
          minmay_temple_entry_large_hall, nicolae_ossuary_entry_false_entrances
D:8:      layout_cave_pods, pdpol_temple_overflow_zin_treasury_gozag_greed,
          kennysheep_generic_room_15

Skill      XL: |  1  2  3  4  5  6  7  8  9 |
---------------+----------------------------+-----
Long Blades    | 2 3 4 6 7 |  7.3
Dodging        | 2 3 4 5 |  5.2
Armour         | 1 2 3 4 |  4.8
Fighting       | 4 5 7 8 |  8.5
Invocations    | 1 2 3 5 6 |  6.7
Stealth        | |  4.5

Action                   |  1- 3 |  4- 6 |  7- 9 | 10-12 || total
-------------------------+-------+-------+-------+-------++-------
Melee: Falchion          |   113 |    26 |       |       ||   139
       Kick              |    23 |    21 |   157 |    10 ||   211
       Long sword        |       |    50 |    48 |       ||    98
       Scimitar          |       |       |   386 |    54 ||   440
Invok: Draw Destruction  |       |     3 |     3 |       ||     6
       Draw Summoning    |       |     2 |     3 |     1 ||     6
  Use: Potion            |       |       |     1 |       ||     1
 Stab: Sleeping          |     5 |     5 |       |       ||    10
       Distracted        |       |       |     1 |       ||     1
Armor: Leather armour    |    42 |    13 |    10 |       ||    65
       Plate armour      |       |       |   372 |    33 ||   405
Dodge: Dodged            |    97 |    36 |   195 |    10 ||   338
       Rpst.: Falchion   |    32 |     9 |       |       ||    41
       Long sword        |       |     7 |     9 |       ||    16
       Scimitar          |       |       |    46 |     1 ||    47

Table legend: (Time is in decaauts)
 A = Elapsed time spent in this place.
 B = Non-inter-level travel time spent in this place.
 C = Inter-level travel time spent in this place.
 D = Time resting spent in this place.
 E = Time spent auto-exploring this place.
 F = Levels seen in this place.
 G = Mean time per level.
                   A        B        C        D        E       F      G
               +--------+--------+--------+--------+--------+-----+--------+
         Total |   6968 |   6730 |    238 |    355 |   4614 |   9 |  774.2 |
       Dungeon |   6777 |   6539 |    238 |    355 |   4564 |   8 |  847.1 |
       Ossuary |    190 |    190 |      0 |      0 |     50 |   1 |  190.0 |
               +--------+--------+--------+--------+--------+-----+--------+

Top non-repeatable levels by time:
     D:1: 1268 daAuts
     D:6: 1069 daAuts
     D:3: 962 daAuts
     D:5: 951 daAuts
     D:2: 760 daAuts
     D:7: 715 daAuts
     D:4: 607 daAuts
     D:8: 441 daAuts
 Ossuary: 190 daAuts
